[Event "ICC tourney 2049 (75 10)"]
[Site "Internet Chess Club"]
[Date "2020.10.11"]
[Round "6"]
[White "mopaska1106"]
[Black "Danifrani"]
[Result "0-1"]
[ICCResult "White resigns"]
[WhiteElo "1950"]
[BlackElo "2086"]
[Opening "Benkö gambit accepted"]
[ECO "A58"]
[NIC "BI.41"]
[Time "14:47:19"]
[TimeControl "4500+10"]

1. d4 Nf6 2. c4 c5 3. d5 b5 4. cxb5 a6 5. bxa6 g6 6. Nc3 Bxa6 7. e4 Bxf1 8.
Kxf1 d6 9. Nf3 Bg7 10. g3 Qb6 11. Kg2 Nbd7 12. Nd2 h5 13. Nc4 Qa6 14. Ne3 h4
15. f4 h3+ 16. Kf3 g5 17. Qf1 Qc8 18. Qb5 Kf8 19. a4 Ne8 20. Re1 Nc7 21. Qd3
gxf4 22. gxf4 Na6 23. Nf5 Nb4 24. Qd1 Bf6 25. Rg1 Nb6 26. Be3 Nc4 27. Qe2
Nxe3 28. Nxe3 Bd4 29. Rg3 e6 30. Nc2 Rb8 31. Nxb4 Rxb4 32. a5 exd5 33. a6
dxe4+ 34. Nxe4 Qa8 35. f5 Rh4 36. Rg4 Rxg4 37. Kxg4 d5 38. Nxc5 Bxb2+ 39.
Kxh3 Bxa1 40. Nd7+ Kg8 41. Qg2+ Kh8 42. Qg5 Qg8 {White resigns} 0-1

[Event "ICC tourney 2049 (75 10)"]
[Site "Internet Chess Club"]
[Date "2020.10.11"]
[Round "6"]
[White "chessrani"]
[Black "HarleyQueen8"]
[Result "1/2-1/2"]
[ICCResult "Game drawn by mutual agreement"]
[WhiteElo "2045"]
[BlackElo "1864"]
[Opening "Sicilian"]
[ECO "B56"]
[NIC "SI.25"]
[Time "14:47:06"]
[TimeControl "4500+10"]

1. e4 c5 2. Nf3 d6 3. d4 cxd4 4. Nxd4 Nf6 5. Nc3 Nc6 6. Be3 Ng4 7. Bg5 Qb6
8. Bb5 e5 9. Nd5 Qxd4 10. Qxd4 exd4 11. Nc7+ Kd7 12. Nxa8 b6 13. Rd1 Bb7 14.
Nxb6+ axb6 15. Rxd4 Be7 16. Bxe7 Kxe7 17. Ra4 Ra8 18. Bxc6 Bxc6 19. Rxa8
Bxa8 20. Ke2 Bc6 21. Rc1 Ne5 22. f3 Bb5+ 23. Kf2 Bc4 24. b3 Be6 25. f4 Ng4+
26. Kf3 Nf6 27. c4 Bg4+ 28. Ke3 Be6 29. Kd4 g6 30. h3 h5 31. Re1 Kd7 32. Rf1
Kc6 33. a4 Kc7 34. Ra1 Bd7 35. a5 bxa5 36. Rxa5 Kb6 37. Ra1 Bc6 38. Re1 Nd7
39. b4 f6 40. g4 h4 41. Rf1 Nf8 42. f5 g5 43. c5+ Kc7 44. Ra1 dxc5+ 45. bxc5
Nd7 46. Ra7+ Bb7 47. Ra3 Kc6 48. Re3 Ne5 49. Rb3 Nd7 50. Ra3 Kc7 51. Rb3 Ba8
52. Rc3 Kc6 53. Ra3 Bb7 54. Rc3 {Game drawn by mutual agreement} 1/2-1/2

[Event "ICC tourney 2049 (75 10)"]
[Site "Internet Chess Club"]
[Date "2020.10.11"]
[Round "6"]
[White "arsenicblast"]
[Black "Slivovitz"]
[Result "0-1"]
[ICCResult "White resigns"]
[WhiteElo "1992"]
[BlackElo "2110"]
[Opening "Caro-Kann: exchange, Rubinstein variation"]
[ECO "B13"]
[NIC "CK.02"]
[Time "14:46:59"]
[TimeControl "4500+10"]

1. e4 c6 2. d4 d5 3. exd5 cxd5 4. Bd3 Nc6 5. c3 Nf6 6. Bf4 e6 7. Nf3 Bd6 8.
Bxd6 Qxd6 9. O-O O-O 10. Re1 Bd7 11. Ne5 Rfc8 12. Nd2 Ne7 13. g4 Ng6 14. g5
Ne8 15. Qg4 Nxe5 16. dxe5 Qf8 17. Re3 g6 18. Rh3 Rc5 19. Nb3 Rcc8 20. Nd4 a6
21. Nc2 Bb5 22. Bxb5 axb5 23. Qh4 h5 24. gxh6 Rc4 25. Qg5 Kh7 26. a3 f6 27.
exf6 Nxf6 28. Rg3 Qf7 29. Rg2 Ne4 30. Qe3 Rf8 31. Rf1 Nd6 32. Nd4 Nf5 33.
Nxf5 Qxf5 34. f3 Rf4 35. Rg3 e5 36. Qb6 Rf7 37. Qd8 e4 38. Rg5 Qh3 39. Rg3
Qe6 40. Qg5 exf3 41. h4 f2+ 42. Kh2 Qe4 43. Kh3 Rf3 44. Kh2 Rxg3 45. Qxg3
Rf4 46. Kh3 Rf3 {White resigns} 0-1

[Event "ICC tourney 2049 (75 10)"]
[Site "Internet Chess Club"]
[Date "2020.10.11"]
[Round "7"]
[White "RG2017"]
[Black "spellking98"]
[Result "1-0"]
[ICCResult "Black resigns"]
[WhiteElo "1989"]
[BlackElo "2101"]
[Opening "King's Indian: Gligoric-Taimanov system"]
[ECO "E92"]
[NIC "KI.18"]
[Time "18:35:13"]
[TimeControl "4500+10"]

1. d4 Nf6 2. c4 g6 3. Nc3 Bg7 4. e4 d6 5. Nf3 O-O 6. Be2 e5 7. Be3 Nc6 8. d5
Ne7 9. Nd2 Nd7 10. b4 f5 11. f3 a5 12. a3 c5 13. dxc6 bxc6 14. Nb3 axb4 15.
axb4 Rxa1 16. Qxa1 Nf6 17. Qa5 Qb6 18. Qxb6 {Black resigns} 1-0

[Event "ICC tourney 2049 (75 10)"]
[Site "Internet Chess Club"]
[Date "2020.10.11"]
[Round "7"]
[White "KnightowlCul8r"]
[Black "orwind"]
[Result "0-1"]
[ICCResult "White resigns"]
[WhiteElo "1841"]
[BlackElo "1515"]
[Opening "Sicilian defense"]
[ECO "B44"]
[NIC "SI.39"]
[Time "18:35:26"]
[TimeControl "4500+10"]

1. e4 c5 2. Nf3 e6 3. d4 cxd4 4. Nxd4 Nc6 5. c4 Bb4+ 6. Nc3 Nge7 7. a3 Bxc3+
8. bxc3 Nxd4 9. cxd4 d6 10. Bd2 O-O 11. Bc3 d5 12. cxd5 exd5 13. e5 Nc6 14.
Ba6 bxa6 15. O-O Bf5 {White resigns} 0-1

[Event "ICC tourney 2049 (75 10)"]
[Site "Internet Chess Club"]
[Date "2020.10.11"]
[Round "7"]
[White "HR2005"]
[Black "MARMAYOGI11"]
[Result "0-1"]
[ICCResult "White resigns"]
[WhiteElo "2005"]
[BlackElo "2197"]
[Opening "Ruy Lopez: Anderssen variation"]
[ECO "C77"]
[NIC "RL.12"]
[Time "18:35:19"]
[TimeControl "4500+10"]

1. e4 e5 2. Nf3 Nc6 3. Bb5 a6 4. Ba4 Nf6 5. d3 b5 6. Bb3 Bc5 7. h3 d6 8. a4
Rb8 9. Nc3 h6 10. O-O O-O 11. axb5 axb5 12. Be3 Be6 13. Nd5 Bxe3 14. fxe3
Bxd5 15. exd5 Ne7 16. e4 Ng6 17. Nh2 Nf4 18. Qf3 Ra8 19. Qe3 Rxa1 20. Rxa1
Nd7 21. c3 Qg5 22. Qf3 h5 23. Nf1 f5 24. Ra5 Nc5 25. Bc2 fxe4 26. dxe4 Nxd5
27. Qg3 Rxf1+ {White resigns} 0-1

[Event "ICC tourney 2049 (75 10)"]
[Site "Internet Chess Club"]
[Date "2020.10.11"]
[Round "7"]
[White "Baseballchamp"]
[Black "piplup0621"]
[Result "1/2-1/2"]
[ICCResult "Game drawn by mutual agreement"]
[WhiteElo "2003"]
[BlackElo "1906"]
[Opening "Ruy Lopez: Anderssen variation"]
[ECO "C77"]
[NIC "RL.12"]
[Time "18:35:14"]
[TimeControl "4500+10"]

1. e4 e5 2. Nf3 Nc6 3. Bb5 a6 4. Ba4 Nf6 5. d3 d6 6. c3 Be7 7. Nbd2 O-O 8.
Nf1 Re8 9. Ng3 h6 10. O-O Bf8 11. h3 b5 12. Bb3 Na5 13. Bc2 c5 14. d4 Qc7
15. d5 Rb8 16. Nh2 b4 17. Ng4 Nxg4 18. hxg4 g6 19. Be3 Nc4 20. Bc1 Na5 21.
g5 h5 22. Qe2 b3 23. Bd3 c4 24. Bb1 Qb7 25. a3 Qc7 26. Be3 Bd7 27. Qd2
{Game drawn by mutual agreement}
1/2-1/2

[Event "ICC tourney 2049 (75 10)"]
[Site "Internet Chess Club"]
[Date "2020.10.11"]
[Round "7"]
[White "sirking2800"]
[Black "pika0008"]
[Result "0-1"]
[ICCResult "White resigns"]
[WhiteElo "1977"]
[BlackElo "1688"]
[Opening "Sicilian: Labourdonnais-Löwenthal (Kalashnikov) variation"]
[ECO "B32"]
[NIC "SI.32"]
[Time "18:35:06"]
[TimeControl "4500+10"]

1. e4 c5 2. Nf3 Nc6 3. d4 cxd4 4. Nxd4 e5 5. Nb5 d6 6. N1c3 a6 7. Na3 Be7 8.
Nd5 b5 9. Be3 Rb8 10. c4 b4 11. Nc2 Nf6 12. Nxe7 Qxe7 13. f3 b3 14. axb3
Rxb3 15. Qc1 O-O 16. Ra3 Qb7 17. Rxb3 Qxb3 18. Bg5 Be6 19. Bxf6 gxf6 20. Ne3
Rb8 21. Nd5 Kg7 22. Be2 Qxb2 23. Qxb2 Rxb2 24. f4 Nd4 25. Bf3 Nxf3+ 26. gxf3
Rb1+ {White resigns} 0-1

[Event "ICC tourney 2049 (75 10)"]
[Site "Internet Chess Club"]
[Date "2020.10.11"]
[Round "7"]
[White "PearsonH"]
[Black "caratclownery"]
[Result "1/2-1/2"]
[ICCResult "Game drawn by repetition"]
[WhiteElo "1771"]
[BlackElo "1890"]
[Opening "Queen's pawn: London system"]
[ECO "A45"]
[NIC "QP.07"]
[Time "18:35:44"]
[TimeControl "4500+10"]

1. d4 Nf6 2. Bf4 d5 3. e3 Bf5 4. Bd3 Bg6 5. c3 e6 6. Nf3 Bd6 7. Bxd6 Qxd6 8.
Ne5 Nbd7 9. Nxd7 Qxd7 10. O-O O-O-O 11. b4 Bxd3 12. Qxd3 g5 13. a4 Ne4 14.
Nd2 Nxd2 15. Qxd2 h5 16. b5 g4 17. Qe2 Rdg8 18. a5 h4 19. Rfb1 g3 20. b6
gxh2+ 21. Kh1 a6 22. bxc7 Qxc7 23. c4 h3 24. g3 dxc4 25. Qf3 Rg5 26. Kxh2
Rf5 27. Qe2 Qc6 28. e4 Rb5 29. Rc1 c3 30. Qd3 Rb3 31. Rab1 Ra3 32. Ra1 Rb3
33. Rab1 Ra3 34. Ra1 Rb3 {Game drawn by repetition} 1/2-1/2

[Event "ICC tourney 2049 (75 10)"]
[Site "Internet Chess Club"]
[Date "2020.10.11"]
[Round "7"]
[White "Heliosis"]
[Black "pawnpush202044"]
[Result "1-0"]
[ICCResult "Black resigns"]
[WhiteElo "1887"]
[BlackElo "1932"]
[Opening "Sicilian: Najdorf"]
[ECO "B90"]
[NIC "SI.14"]
[Time "18:35:15"]
[TimeControl "4500+10"]

1. e4 c5 2. Nf3 d6 3. d4 cxd4 4. Nxd4 Nf6 5. Nc3 a6 6. f3 e5 7. Nb3 Be7 8.
Be3 Be6 9. Be2 O-O 10. O-O Nbd7 11. f4 exf4 12. Bxf4 Nb6 13. Nd4 Qd7 14. Be3
Nc4 15. Nxe6 Qxe6 16. Bxc4 Qxc4 17. Qd3 Rac8 18. Rad1 Rfd8 19. Bd4 b5 20.
Qg3 Qe6 21. Nd5 Kh8 22. Nxe7 Qxe7 23. Rxf6 gxf6 24. Qh4 {Black resigns} 1-0

[Event "ICC tourney 2049 (75 10)"]
[Site "Internet Chess Club"]
[Date "2020.10.11"]
[Round "7"]
[White "prudhvi"]
[Black "saanvichess"]
[Result "0-1"]
[ICCResult "White resigns"]
[WhiteElo "1995"]
[BlackElo "1731"]
[Opening "French: Two knights variation"]
[ECO "C00"]
[NIC "FR.01"]
[Time "18:35:12"]
[TimeControl "4500+10"]

1. e4 e6 2. Nf3 d5 3. Nc3 c5 4. exd5 exd5 5. Bb5+ Nc6 6. d4 a6 7. Bxc6+ bxc6
8. O-O Nf6 9. Re1+ Be6 10. Ng5 Qd7 11. Na4 Rb8 12. dxc5 Be7 13. Nb6 Qc7 14.
b4 O-O 15. g3 Rbe8 16. Bf4 Qb7 17. Qd3 h6 18. Nxe6 fxe6 19. Qg6 Bd8 20. Bd6
Rf7 21. f3 Bxb6 22. cxb6 Qxb6+ 23. Bc5 Qb8 24. Re2 Nd7 25. Rxe6 Ne5 26.
Rxe8+ Qxe8 27. Qh5 Nxf3+ 28. Kh1 Qe4 {White resigns} 0-1

[Event "ICC tourney 2049 (75 10)"]
[Site "Internet Chess Club"]
[Date "2020.10.11"]
[Round "7"]
[White "rockinroll"]
[Black "Almanac2050"]
[Result "1/2-1/2"]
[ICCResult "Game drawn by mutual agreement"]
[WhiteElo "1802"]
[BlackElo "1762"]
[Opening "Queen's pawn, Mason variation"]
[ECO "D00"]
[NIC "QP.08"]
[Time "18:35:27"]
[TimeControl "4500+10"]

1. d4 d5 2. Bf4 Nf6 3. e3 e6 4. c4 c5 5. Nf3 a6 6. Nc3 dxc4 7. Bxc4 b5 8.
Be2 Be7 9. a4 b4 10. Na2 O-O 11. O-O Bb7 12. Rc1 cxd4 13. Qxd4 Qxd4 14. Nxd4
Nbd7 15. Nc6 Bxc6 16. Rxc6 Nd5 17. Bg3 Rfc8 18. Rfc1 Rxc6 19. Rxc6 a5 20.
Nc1 N7b6 21. Bb5 Rc8 22. Rxc8+ Nxc8 23. e4 Ndb6 24. Bc7 Bd6 25. Bxb6 Nxb6
26. Nb3 Be5 27. Nxa5 Bxb2 28. Nc4 Nxc4 29. Bxc4 Bd4 30. Kf1 Kf8 31. Ke2 Ke7
32. f3 Kd6 33. Kd3 Bb6 34. Bb3 Kc5 35. Bc4 Bc7 36. h3 Bd8 37. Bb3 Bc7 38.
Bc4 Ba5 39. Bb3 Bc7 40. Bc4 h5 41. Bb3 h4 42. Bc4 g5 43. Bb3 Bd8 44. Bc4 Kd6
45. Bb3 Ke5 46. Bc4 Kf4 47. Ke2 Bb6 48. Bb3 Kg3 49. Kf1 Kf4 50. Ke2 Bd8 51.
Bc4 Kg3 52. Kf1 Ba5 53. Bb3 Bc7 54. Bc4 {Game drawn by mutual agreement}
1/2-1/2

[Event "ICC tourney 2049 (75 10)"]
[Site "Internet Chess Club"]
[Date "2020.10.11"]
[Round "7"]
[White "DanielA1926"]
[Black "kwen2008"]
[Result "0-1"]
[ICCResult "White checkmated"]
[WhiteElo "1517"]
[BlackElo "1741"]
[Opening "Grünfeld: 5.Bg5"]
[ECO "D91"]
[NIC "GI.08"]
[Time "19:13:28"]
[TimeControl "4500+10"]

1. c4 Nf6 2. Nc3 g6 3. Nf3 Bg7 4. d4 d5 5. Bg5 c6 6. Qd2 Ne4 7. Nxe4 dxe4 8.
Ng1 Bxd4 9. Rd1 Bb6 10. Qxd8+ Bxd8 11. b4 O-O 12. g3 Be6 13. e3 Na6 14. b5
Ba5+ 15. Ke2 Bxc4+ 16. Rd3 Bxd3+ 17. Kd1 Bxf1 18. bxa6 bxa6 19. Nf3 Bg2 20.
Nh4 Bxh1 21. f3 exf3 22. Nxf3 Bxf3+ 23. Kc2 e5 24. e4 Bxe4+ 25. Kd1 f5 26.
g4 f4 27. h4 f3 28. Be3 f2 29. Bxf2 Rxf2 30. a4 Rd8+ 31. Kc1 Rc2+ 32. Kb1
Rd1# {White checkmated} 0-1

[Event "ICC tourney 2049 (75 10)"]
[Site "Internet Chess Club"]
[Date "2020.10.11"]
[Round "7"]
[White "Arshshah"]
[Black "clair"]
[Result "1-0"]
[ICCResult "Black resigns"]
[WhiteElo "1918"]
[BlackElo "1715"]
[Opening "Robatsch (modern) defense"]
[ECO "B06"]
[NIC "KF.06"]
[Time "18:35:30"]
[TimeControl "4500+10"]

1. e4 g6 2. Nc3 Bg7 3. Nf3 e6 4. d4 Ne7 5. Be3 a6 6. a4 b6 7. Bc4 d5 8. exd5
exd5 9. Bb3 O-O 10. O-O Bg4 11. h3 Bxf3 12. Qxf3 c6 13. Rfe1 Nf5 14. Rad1
Nd7 15. Na2 Re8 16. Nb4 Qf6 17. c3 a5 18. Nd3 Nxe3 19. Rxe3 Qxf3 20. Rxf3
Re7 21. Re1 Rae8 22. Rxe7 Rxe7 23. Re3 Rxe3 24. fxe3 Kf8 25. Kf2 f5 26. Nf4
Ke7 27. Kf3 Nf6 28. Bc2 Kd6 29. b4 Ne4 30. Bxe4 fxe4+ 31. Kg4 Bh6 32. g3 Ke7
33. Ng2 Kf6 34. h4 axb4 35. cxb4 Bf8 36. a5 Bd6 37. a6 Bb8 38. Ne1 h5+ 39.
Kh3 Kf5 40. Nc2 Ba7 41. Na3 b5 42. Nb1 Bb6 43. Nd2 Ke6 44. g4 Kd7 45. gxh5
gxh5 46. Nf1 Ba7 47. Ng3 Kc7 48. Nxh5 Kb6 49. Ng7 Kxa6 50. h5 Bb8 51. h6 Bd6
52. h7 Bxb4 53. h8=Q c5 54. dxc5 Bxc5 55. Qa8+ Kb6 56. Qxd5 Bxe3 57. Qxe4
Bc5 58. Ne6 b4 59. Nxc5 Kxc5 60. Qb1 Kc4 61. Kg3 Kc3 62. Kf3 b3 63. Ke3 b2
64. Ke2 Kb3 65. Kd3 Ka3 66. Kc3 Ka4 67. Qxb2 {Black resigns} 1-0

[Event "ICC tourney 2049 (75 10)"]
[Site "Internet Chess Club"]
[Date "2020.10.11"]
[Round "7"]
[White "Zuiopal"]
[Black "corviknight"]
[Result "0-1"]
[ICCResult "White checkmated"]
[WhiteElo "1696"]
[BlackElo "1812"]
[Opening "QGD Slav defense"]
[ECO "D10"]
[NIC "SL.01"]
[Time "18:35:28"]
[TimeControl "4500+10"]

1. d4 d5 2. c4 c6 3. Nc3 Nf6 4. cxd5 cxd5 5. Bf4 Nc6 6. e3 Bf5 7. a3 e6 8.
Bd3 Bxd3 9. Qxd3 Be7 10. Nf3 O-O 11. O-O Rc8 12. b4 Nd7 13. Rab1 f5 14. Ne5
Ncxe5 15. Bxe5 Nxe5 16. dxe5 Qc7 17. Ne2 Qxe5 18. f4 Qd6 19. Rfd1 Bf6 20.
Rbc1 Bb2 21. Rb1 Bf6 22. Rbc1 Qd7 23. Ng3 Rxc1 24. Rxc1 Rc8 25. Rxc8+ Qxc8
26. Qb5 d4 27. exd4 Bxd4+ 28. Kf1 Qc1+ 29. Ke2 Qc2+ 30. Kf3 Qf2#
{White checkmated}
0-1

[Event "ICC tourney 2049 (75 10)"]
[Site "Internet Chess Club"]
[Date "2020.10.11"]
[Round "7"]
[White "poohfur"]
[Black "BobbyFissure"]
[Result "1-0"]
[ICCResult "Black resigns"]
[WhiteElo "1726"]
[BlackElo "1457"]
[Opening "French: Schlechter variation"]
[ECO "C01"]
[NIC "FR.01"]
[Time "18:35:21"]
[TimeControl "4500+10"]

1. e4 e6 2. d4 d5 3. Bd3 dxe4 4. Bxe4 Nf6 5. Bf3 Bd6 6. Ne2 O-O 7. O-O c5 8.
Be3 Qb6 9. Nbc3 Bd7 10. Qd2 Bc6 11. d5 Rd8 12. dxc6 Bxh2+ 13. Kxh2 Rxd2 14.
cxb7 Nd5 15. bxa8=Q Nxe3 16. fxe3 g6 17. Rad1 Rxc2 18. Rd7 Kg7 19. Rxf7+ Kh6
20. Qe4 Qd6+ 21. Kh3 Qd8 22. g4 Rxb2 23. Rh1 Qd6 24. g5+ Kxg5 25. Qg4+
{Black resigns}
1-0

[Event "ICC tourney 2049 (75 10)"]
[Site "Internet Chess Club"]
[Date "2020.10.11"]
[Round "7"]
[White "Randomdude21"]
[Black "odlepikachu"]
[Result "0-1"]
[ICCResult "White checkmated"]
[WhiteElo "1755"]
[BlackElo "1924"]
[Opening "Two knights defense"]
[ECO "C55"]
[NIC "KP.02"]
[Time "18:35:11"]
[TimeControl "4500+10"]

1. e4 e5 2. Nf3 Nc6 3. d4 exd4 4. Bc4 Nf6 5. O-O Bc5 6. c3 dxc3 7. Nxc3 d6
8. h3 h6 9. Bf4 g5 10. Bg3 g4 11. Nh2 gxh3 12. gxh3 Bxh3 13. Re1 Ne5 14.
Bxe5 dxe5 15. Qa4+ c6 16. Bf1 Rg8+ 17. Kh1 Qd7 18. Rad1 Bxf2 19. Ne2 Qe6 20.
Qa3 Bxf1 21. Rxf1 Nxe4 22. Qf3 Ng3+ 23. Nxg3 Bxg3 24. Rg1 Qh3 25. Rg2 h5 26.
Rf1 Rg7 27. Qf6 Kf8 28. Rfg1 h4 29. Qh6 Kg8 30. Rf2 Re8 31. Rfg2 Re6 32. Qd2
Reg6 33. Qd8+ Kh7 34. Qd3 Qe6 35. Nf3 e4 36. Qd4 exf3 37. Rxg3 hxg3 38. Rxg3
Rxg3 39. Qh4+ Qh6 40. Qxh6+ Kxh6 41. b4 Rh3# {White checkmated} 0-1

[Event "ICC tourney 2049 (75 10)"]
[Site "Internet Chess Club"]
[Date "2020.10.11"]
[Round "7"]
[White "kapilank"]
[Black "Adhvaith0406"]
[Result "0-1"]
[ICCResult "White checkmated"]
[WhiteElo "1809"]
[BlackElo "2007"]
[Opening "Sicilian: Najdorf, Byrne (English) attack"]
[ECO "B90"]
[NIC "SI.14"]
[Time "18:35:24"]
[TimeControl "4500+10"]

1. e4 c5 2. Nf3 d6 3. d4 cxd4 4. Nxd4 Nf6 5. Nc3 a6 6. Be3 e5 7. Nb3 Be6 8.
f3 Be7 9. Qd2 O-O 10. O-O-O Nbd7 11. g4 b5 12. h4 Nb6 13. h5 b4 14. Nb1 d5
15. g5 Nfd7 16. Rg1 d4 17. Bf2 a5 18. g6 h6 19. gxf7+ Kh8 20. f4 a4 21. Na1
b3 22. a3 bxc2 23. Nxc2 Rc8 24. fxe5 Bb3 25. Bxd4 Rxc2+ 26. Qxc2 Bxc2 27.
Kxc2 Qc7+ 28. Nc3 Nxe5 29. Be2 Bf6 30. Kb1 Nbc4 31. Nd5 Qb7 32. Bxc4 Nxc4
33. Nxf6 Nxa3+ 34. Ka2 Qb3+ 35. Ka1 Nc2+ 36. Kb1 a3 37. Nh7 a2+ 38. Kc1 Nxd4
39. Nxf8 Qc2# {White checkmated} 0-1

[Event "ICC tourney 2049 (75 10)"]
[Site "Internet Chess Club"]
[Date "2020.10.11"]
[Round "7"]
[White "karuto2006"]
[Black "Gold-Finch123"]
[Result "1-0"]
[ICCResult "Black resigns"]
[WhiteElo "1739"]
[BlackElo "1629"]
[Opening "Scandinavian defense"]
[ECO "B01"]
[NIC "SD.03"]
[Time "18:35:11"]
[TimeControl "4500+10"]

1. e4 d5 2. exd5 Nf6 3. Bb5+ Bd7 4. Bc4 Bf5 5. Nc3 Nbd7 6. Bb5 a6 7. Ba4 b5
8. Bb3 Nb6 9. h3 Nbxd5 10. Nxd5 Nxd5 11. Qf3 e6 12. Ne2 Be7 13. Nd4 Bg6 14.
Nc6 Qd6 15. Nxe7 Qxe7 16. O-O Rd8 17. Re1 Qc5 18. d3 O-O 19. Bd2 Qb6 20. a4
c5 21. axb5 axb5 22. Ba5 Qb8 23. Bxd8 Rxd8 24. Bxd5 Rxd5 25. c4 bxc4 26.
dxc4 Rd8 27. Red1 Rxd1+ 28. Rxd1 h6 29. Qc3 Qa7 30. b4 cxb4 31. Qxb4 Qc7 32.
c5 Bh5 33. Rb1 Qc6 34. Qb8+ Kh7 35. Qe5 f6 36. Qxh5 Qe4 37. Rd1 Qc4 38. Qf3
Qxc5 39. Qe4+ f5 40. Qxe6 Qc2 41. Re1 Qd3 42. g4 Qd8 43. Qxf5+ Kg8 44. Qe6+
Kh7 45. Qe4+ Kg8 46. Qe8+ Qxe8 47. Rxe8+ Kf7 48. Re3 Kg6 49. Kg2 Kg5 50. Kg3
Kg6 51. f4 h5 52. f5+ Kg5 53. h4+ Kh6 54. g5+ Kh7 55. Re7 Kg8 56. g6 Kf8 57.
Rd7 Ke8 58. Rxg7 {Black resigns} 1-0

[Event "ICC tourney 2049 (75 10)"]
[Site "Internet Chess Club"]
[Date "2020.10.11"]
[Round "7"]
[White "Slivovitz"]
[Black "GutsyEdge"]
[Result "1/2-1/2"]
[ICCResult "Game drawn by mutual agreement"]
[WhiteElo "2094"]
[BlackElo "1973"]
[Opening "Réti: advance variation"]
[ECO "A09"]
[NIC "RE.16"]
[Time "18:35:26"]
[TimeControl "4500+10"]

1. Nf3 d5 2. c4 d4 3. e3 Nc6 4. exd4 Nxd4 5. Nxd4 Qxd4 6. Nc3 c6 7. d3 Nh6
8. Be3 Qd8 9. Qd2 Nf5 10. d4 g6 11. O-O-O Nxe3 12. fxe3 Bg7 13. Be2 c5 14.
Kb1 cxd4 15. exd4 Bf5+ 16. Ka1 O-O 17. g4 Bd7 18. Bf3 Rb8 19. h3 b5 20. c5
b4 21. Nd5 Ba4 22. Nxb4 Bxd1 23. Rxd1 Qd7 24. a3 Qa4 25. Bc6 Qa5 26. Bf3 Qa4
{Game drawn by mutual agreement}
1/2-1/2

[Event "ICC tourney 2049 (75 10)"]
[Site "Internet Chess Club"]
[Date "2020.10.11"]
[Round "7"]
[White "OctopusYule"]
[Black "Kausy"]
[Result "1-0"]
[ICCResult "Black resigns"]
[WhiteElo "1837"]
[BlackElo "1712"]
[Opening "Ruy Lopez: closed, Breyer, Borisenko variation"]
[ECO "C95"]
[NIC "RL.25"]
[Time "18:35:15"]
[TimeControl "4500+10"]

1. e4 e5 2. Nf3 Nc6 3. Bb5 a6 4. Ba4 Nf6 5. O-O Be7 6. Re1 b5 7. Bb3 O-O 8.
c3 d6 9. h3 Nb8 10. d4 Nbd7 11. Nbd2 Bb7 12. Bc2 Re8 13. Nf1 Bf8 14. Ng3 g6
15. a4 bxa4 16. Rxa4 Bg7 17. Bg5 c6 18. b3 Qc7 19. Qd2 d5 20. dxe5 Nxe5 21.
Nxe5 Qxe5 22. Bf4 Qe7 23. Bh6 dxe4 24. Bxg7 Kxg7 25. Bxe4 c5 26. Kf1 Nxe4
27. Nxe4 Bxe4 28. Raxe4 Qxe4 29. Rxe4 Rxe4 30. f3 Re5 31. b4 cxb4 32. Qd4 f6
33. Qxb4 Kh8 34. Qb6 Ree8 35. Qxf6+ Kg8 36. h4 a5 37. h5 gxh5 38. Qg5+ Kf7
39. Qxh5+ Ke6 40. Qg4+ Kd5 41. Qd4+ Kc6 42. Qc4+ Kb6 43. Qb3+ Ka7 44. Qb5
Rab8 45. Qxa5+ Kb7 46. Qd5+ Kb6 47. c4 Rbc8 48. Qb5+ Kc7 49. c5 Rb8 50. Qd3
Kc6 51. Qd6+ Kb5 52. c6 Rbc8 53. c7 Rg8 54. Qd7+ Kb6 55. Qxh7 Rge8 56. Qd7
Kb7 57. g4 Rh8 58. Kg2 Rxc7 59. Qb5+ Kc8 60. Qf5+ Kb8 61. Qb5+ Kc8 62. Qa6+
Kb8 63. Qb6+ Kc8 64. Qe6+ Kb8 65. g5 Rch7 66. Kg3 Rh1 67. Qe5+ Kb7 68. f4
R1h3+ 69. Kg4 R3h4+ 70. Kf5 Rf8+ 71. Ke4 Rhh8 72. Qe7+ Kc6 73. Qe6+ Kc7 74.
Qe5+ Kc6 75. Qd5+ Kc7 76. g6 Re8+ 77. Kf3 Rh3+ 78. Kg4 Ree3 79. Qf7+ Kd6 80.
g7 Rhg3+ 81. Kf5 Ra3 82. g8=Q Ra5+ 83. Kf6 Kc5 84. Qd5+ Kb4 85. Qxa5+ Kxa5
86. Qxg3 {Black resigns} 1-0

[Event "ICC tourney 2049 (75 10)"]
[Site "Internet Chess Club"]
[Date "2020.10.11"]
[Round "7"]
[White "Natey"]
[Black "bg26723"]
[Result "1/2-1/2"]
[ICCResult "Game drawn by mutual agreement"]
[WhiteElo "1697"]
[BlackElo "1907"]
[Opening "Caro-Kann: classical, Spassky variation"]
[ECO "B18"]
[NIC "CK.12"]
[Time "18:35:05"]
[TimeControl "4500+10"]

1. e4 c6 2. d4 d5 3. Nc3 dxe4 4. Nxe4 Bf5 5. Ng3 Bg6 6. Nf3 Nd7 7. h4 h6 8.
h5 Bh7 9. Bd3 Bxd3 10. Qxd3 e6 11. Bd2 Ngf6 12. O-O-O Qc7 13. Rde1 O-O-O 14.
Qb3 Bd6 15. Ne4 Nxe4 16. Rxe4 Nf6 17. Ree1 Rhe8 18. Be3 Nd5 19. c4 Nxe3 20.
fxe3 Bg3 21. Rd1 e5 22. Kb1 Rd7 23. d5 e4 24. Nd4 Be5 25. Qa4 Bxd4 26. Rxd4
Kb8 27. Qd1 Red8 28. Rh4 cxd5 29. cxd5 f5 30. Rf4 Qe5 31. Qf1 Rxd5 32. Rxf5
Qxf5 33. Qxf5 Rxf5 34. Rxd8+ Kc7 35. Re8 Rxh5 36. Rxe4 Rg5 37. g4 a5 38. Kc2
Kd6 39. Rd4+ Kc6 40. a4 Re5 41. Rf4 Rxe3 42. Rf7 g5 43. Rf6+ Kc5 44. Rxh6
Re4 45. Rh7 b6 46. Rc7+ Kd6 47. Rg7 Rxg4 48. Kc3 Kc6 49. b3 Rg3+ 50. Kc4
Rg4+ 51. Kc3 Rg1 52. Kc4 Rc1+ 53. Kd4 Rd1+ 54. Kc4 Rg1 55. Rg6+ Kc7
{Game drawn by mutual agreement}
1/2-1/2

[Event "ICC tourney 2049 (75 10)"]
[Site "Internet Chess Club"]
[Date "2020.10.11"]
[Round "7"]
[White "challenger2010"]
[Black "KittiesRock18"]
[Result "1-0"]
[ICCResult "Black resigns"]
[WhiteElo "2142"]
[BlackElo "1551"]
[Opening "Sicilian: Richter-Rauzer, Rauzer attack, 7...Be7"]
[ECO "B63"]
[NIC "SI.27"]
[Time "18:35:18"]
[TimeControl "4500+10"]

1. e4 c5 2. Nf3 d6 3. d4 cxd4 4. Nxd4 Nf6 5. Nc3 Nc6 6. Bg5 e6 7. Qd2 Be7 8.
f3 O-O 9. O-O-O a6 10. Bc4 Nxd4 11. Qxd4 h6 12. Be3 b5 13. Bb3 Bb7 14. g4 d5
15. exd5 Nxd5 16. Nxd5 Bxd5 17. Bxd5 exd5 18. Qxd5 Qc7 19. Kb1 Rad8 20. Qe4
Bd6 21. Bd4 Rfe8 22. Qf5 Bxh2 23. b3 Re2 24. g5 hxg5 25. Bb2 Rxd1+ 26. Rxd1
f6 27. Qg6 Qe7 28. Bc3 Qe8 29. Qf5 Be5 30. Ba5 g6 31. Qd3 Rh2 32. Qe4 Rh4
33. Qb7 Rh7 34. Qxa6 Rh3 35. c4 bxc4 36. Rd8 Rh1+ 37. Kc2 Rh2+ 38. Kd1 Rh1+
39. Ke2 Rh2+ 40. Kf1 Qxd8 41. Qxc4+ Kg7 42. Bxd8 Rxa2 43. b4 Rd2 44. Bc7 Bb2
45. b5 Rd1+ 46. Ke2 Rd4 47. Qc6 Ba1 48. b6 Rb4 49. b7 Rb2+ 50. Kd3 Rb3+ 51.
Kc4 Rc3+ 52. Kd5 Rxc6 53. Kxc6 f5 54. b8=Q {Black resigns} 1-0

[Event "ICC tourney 2049 (75 10)"]
[Site "Internet Chess Club"]
[Date "2020.10.11"]
[Round "7"]
[White "IAlwaysWin"]
[Black "jairam09"]
[Result "1-0"]
[ICCResult "Black resigns"]
[WhiteElo "1971"]
[BlackElo "1801"]
[Opening "Nimzovich-Larsen attack: modern variation"]
[ECO "A01"]
[NIC "VO.08"]
[Time "18:35:30"]
[TimeControl "4500+10"]

1. b3 e5 2. Bb2 Nc6 3. e3 d6 4. c4 Nge7 5. Nc3 g6 6. g3 Bg7 7. Bg2 Nb4 8. d3
O-O 9. a3 Nbc6 10. Nge2 Be6 11. Nd5 f5 12. O-O Bf7 13. b4 Nxd5 14. cxd5 Ne7
15. e4 c6 16. dxc6 bxc6 17. Rc1 Rc8 18. f4 Be6 19. Qd2 Qb6+ 20. Kh1 Rfd8 21.
Bc3 Kh8 22. Qb2 Qb5 23. Rfd1 Rc7 24. a4 Qxa4 25. fxe5 Nc8 26. Nd4 Qa2 27.
exf5 Qxb2 28. Bxb2 Bxf5 29. Nxc6 Rdd7 30. d4 dxe5 31. dxe5 Ne7 32. Nxe7 Rxe7
33. Rxc7 Rxc7 34. Rd8+ Bf8 35. Rxf8+ Kg7 36. Rb8 Re7 37. Rb7 Rxb7 38. Bxb7
{Black resigns}
1-0